Map: Divergencia EE

Players

MrFercho - Winner!

  • Race: Zerg Zerg
  • League: Silver
  • Spawn Location: 11:00

TATORREA - Winner!

  • Race: Protoss Protoss
  • League: Silver
  • Spawn Location: 11:00

John

  • Race: Terran Terran
  • Spawn Location: 5:00

Water

  • Race: Zerg Zerg
  • Spawn Location: 5:00

VOD

Have the link to the VOD?

Description

Time

  • Played on: June 21, 2020, 9:08 p.m.
  • Length: 19:19
Show
View Real Time Build Order
Export as new Build Order

MrFercho Zerg - Winner!

Build Orders: Hatch First 

Get SALT Encoding   

  12  0:01  Drone  
  13  0:16  Overlord  
  13  0:17  Drone  
  14  0:34  Drone x2  
  16  0:53  Drone  
  17  0:57  Drone  
  17  0:58  Hatchery  
  17  1:14  Spawning Pool  
  17  1:15  Drone  
  17  1:22  Drone x2  
  19  1:32  Drone  
  20  1:52  Drone  
  20  1:53  Drone  
  22  1:58  Extractor  
  21  2:09  Queen  
  23  2:17  Queen  
  23  2:20  Zergling x2  
  23  2:21  Zergling x4  
  28  2:29  Overlord x2  
  28  2:53  Drone  
  28  2:54  Drone x4  
  28  2:56  Queen  
  35  3:07  Lair  
  35  3:08  Drone  
  35  3:09  Drone x2  
  38  3:17  Overlord  
  38  3:20  Overlord  
  38  3:55  Drone x6  
  44  4:03  Extractor  
  44  4:05  Extractor  
  41  4:12  Drone x2  
  43  4:18  Roach Warren  
  43  4:22  Evolution Chamber  
  41  4:42  Drone x10  
  41  4:44  Overlord  
  51  4:53  Hatchery  
  51  4:59  Drone  
  51  5:03  Drone x2  
  53  5:10  Zerg Missile Weapons Level 1  
  53  5:13  Glial Reconstitution  
  53  5:23  Drone x6  
  53  5:24  Overlord, Hydralisk Den  
  53  5:25  Overlord  
  58  5:49  Drone x3  
  61  5:50  Drone x4  
  61  5:52  Hatchery, Drone  
  61  5:55  Extractor  
  64  5:57  Extractor  
  64  6:03  Hatchery  
  62  6:10  Roach x5  
  72  6:33  Drone  
  72  6:36  Roach  
  72  6:37  Roach x3  
  72  6:38  Overlord x6  
  81  7:16  Grooved Spines  
  81  7:23  Infestation Pit  
  81  7:27  Lurker Den  
  81  7:28  Hatchery  
  78  7:31  Drone x2, Extractor  
  78  7:32  Drone x4  
  83  7:38  Drone x9  
  83  7:39  Drone x3  
  95  7:48  Queen  
  96  8:06  Overlord x9  
  96  8:08  Overlord x3  
  96  8:14  Zerg Missile Weapons Level 2  
  96  8:17  Evolution Chamber  
  96  8:19  Hive  
  95  8:26  Spire  
  94  8:27  Muscular Augments  
  94  8:39  Hydralisk x9  
  94  8:40  Hydralisk x6  
  124  8:57  Overseer  
  124  9:02  Zerg Ground Armor Level 1  
  124  9:05  Spore Crawler  
  123  9:18  Spine Crawler, Spore Crawler  
  123  9:20  Spine Crawler  
  120  9:47  Hydralisk x10  
  140  9:59  Spine Crawler x2  
  138  10:00  Extractor  
  138  10:03  Lurker  
  138  10:04  Extractor, Lurker  
  138  10:34  Hydralisk x2  
  142  10:40  Drone x13  
  142  10:41  Drone x6  
  161  10:49  Greater Spire  
  154  11:22  Zerg Ground Armor Level 2, Zerg Missile Weapons Level 3  
  152  11:37  Corruptor x7  
  152  11:38  Corruptor  
  148  11:49  Spore Crawler x2  
  148  11:52  Spore Crawler  
  137  11:56  Corruptor x3  
  109  12:26  Corruptor x4  
  107  12:41  Corruptor x3  
  109  12:53  Seismic Spines  
  109  13:11  Spire  
  109  13:12  Hydralisk x4  
  108  13:18  Drone x3  
  108  13:19  Drone x11  
  122  13:35  Hydralisk  
  122  13:36  Hydralisk x7  
  138  13:44  Hydralisk x2  
  142  13:51  Adaptive Talons  
  142  14:32  Hydralisk  
  142  14:33  Hydralisk x15  
  142  14:36  Overlord x10  
  142  14:37  Overlord  
  170  15:16  Hydralisk  
  170  15:17  Hydralisk x17  
  188  15:30  Greater Spire  
  166  15:48  Hydralisk x11  
  166  15:49  Hydralisk x3  
  178  15:54  Hydralisk x5  
  182  16:11  Hydralisk x5  
  182  16:12  Hydralisk x4  
  194  16:31  Corruptor x4  
  196  17:07  Lurker  
  196  17:08  Lurker x7  
  147  17:52  Hydralisk x17  
  147  17:53  Hydralisk  
  171  18:16  Hydralisk x8  
  187  18:28  Hatchery  
  187  18:29  Extractor  
  183  18:35  Extractor  
  183  18:37  Hydralisk x8  
  192  19:05  Overseer  
Show
View Real Time Build Order
Export as new Build Order

TATORREA Protoss - Winner!

Build Orders: Double Forge 

Get SALT Encoding   

  12  0:01  Probe  
  13  0:13  Probe  
  14  0:24  Pylon  
  14  0:25  Probe  
  15  0:42  Probe  
  16  0:50  Gateway  
  16  0:54  Probe  
  17  1:06  Probe  
  17  1:08  Assimilator  
  18  1:14  Pylon  
  18  1:16  Probe  
  18  1:17  Pylon  
  18  1:25  Probe  
  20  1:33  Probe  
  20  1:37  Assimilator  
  21  1:45  Probe  
  22  1:57  Probe  
  23  2:09  Probe  
  24  2:22  Probe  
  24  2:34  Probe  
  25  2:52  Probe  
  26  3:04  Probe  
  27  3:16  Probe  
  28  3:22  Cybernetics Core, Gateway  
  28  3:39  Nexus  
  28  3:41  Pylon  
  28  3:43  Pylon  
  28  3:49  Probe  
  29  3:56  Gateway  
  29  3:57  Gateway  
  29  3:59  Gateway  
  29  4:01  Probe  
  29  4:02  Forge  
  30  4:03  Forge  
  30  4:05  Warp Gate  
  30  4:06  Stalker  
  32  4:11  Stalker  
  32  4:16  Probe  
  35  4:27  Probe, Robotics Facility  
  35  4:30  Forge  
  36  4:35  Probe  
  36  4:40  Protoss Ground Weapons Level 1  
  36  4:41  Stalker  
  36  4:43  Probe  
  41  4:46  Sentry  
  42  4:58  Pylon  
  42  5:02  Probe  
  42  5:03  Protoss Ground Armor Level 1  
  42  5:04  Probe, Pylon  
  44  5:14  Probe  
  44  5:15  Assimilator  
  44  5:17  Probe  
  44  5:21  Assimilator  
  46  5:26  Probe  
  47  5:29  Probe  
  47  5:34  Immortal  
  52  5:38  Probe  
  52  5:41  Probe  
  54  5:55  Probe x2  
  56  6:02  Protoss Shields Level 1  
  56  6:06  Stalker x3  
  56  6:07  Probe x2, Stalker  
  56  6:08  Stalker  
  69  6:18  Observer  
  69  6:33  Probe x2  
  69  6:39  Immortal  
  75  6:45  Probe x2  
  77  7:03  Probe x2  
  79  7:15  Probe x2  
  81  7:20  Stalker  
  81  7:21  Stalker  
  85  7:23  Nexus  
  85  7:24  Assimilator  
  85  7:25  Pylon  
  85  7:26  Assimilator  
  85  7:27  Probe  
  85  7:28  Pylon  
  86  7:33  Twilight Council  
  86  7:41  Pylon  
  86  7:43  Pylon  
  86  7:47  Pylon  
  86  7:57  Protoss Ground Weapons Level 2, Protoss Ground Armor Level 2  
  86  7:58  Protoss Shields Level 2  
  86  8:05  Probe  
  86  8:06  Probe  
  88  8:18  Probe x2  
  90  8:23  Charge  
  90  8:29  Nexus  
  90  8:30  Probe x2  
  90  8:31  Pylon  
  90  8:32  Immortal  
  90  8:33  Pylon  
  96  8:37  Pylon  
  96  8:40  Robotics Bay, Pylon  
  96  8:44  Pylon  
  75  9:14  Probe x3  
  78  9:26  Probe x3  
  78  9:30  Extended Thermal Lance, Colossus  
  87  10:00  Probe x2  
  87  10:01  Probe  
  87  10:04  Assimilator  
  90  10:08  Assimilator  
  90  10:12  Probe  
  90  10:13  Probe  
  92  10:16  Nexus  
  92  10:20  Pylon  
  92  10:22  Probe, Pylon  
  92  10:24  Probe, Protoss Ground Armor Level 3, Protoss Shields Level 3, Protoss Ground Weapons Level 3  
  92  10:25  Probe  
  92  10:26  Stalker  
  92  10:27  Stalker x2  
  92  10:28  Stalker  
  103  10:29  Stalker  
  103  10:34  Probe  
  106  10:37  Probe  
  106  10:40  Colossus  
  103  11:02  Stalker x2  
  103  11:03  Stalker x2  
  103  11:04  Stalker  
  56  11:42  Probe x3  
  56  11:46  Stalker  
  56  11:47  Stalker x4  
  66  11:54  Probe x3  
  66  11:55  Gateway  
  66  11:57  Gateway  
  66  11:59  Gateway  
  68  12:02  Gateway  
  68  12:04  Colossus, Gateway  
  68  12:06  Probe, Gateway  
  75  12:09  Gateway  
  75  12:12  Gateway  
  75  12:13  Gateway  
  75  12:15  Gateway  
  75  12:18  Stalker, Gateway  
  75  12:19  Stalker x2  
  75  12:20  Gateway  
  75  12:21  Stalker x2  
  77  12:44  Stalker x2  
  77  12:45  Stalker x2  
  77  12:46  Stalker  
  87  12:58  Colossus  
  85  13:05  Stalker x2  
  93  13:06  Stalker x2  
  99  13:19  Stalker  
  101  13:20  Stalker x2  
  105  13:36  Probe x2  
  107  13:48  Probe x2  
  108  13:51  Colossus  
  109  13:56  Stalker x2  
  109  14:00  Probe x2  
  109  14:01  Nexus  
  115  14:07  Stalker  
  109  14:31  Stalker x3  
  105  14:32  Stalker  
  97  14:47  Stalker x2  
  97  14:48  Stalker  
  89  15:24  Stalker x4  
  89  15:25  Stalker x2  
  89  15:28  Probe  
  102  15:31  Probe  
  71  15:59  Stalker  
  71  16:00  Stalker x2  
  71  16:02  Stalker  
  65  16:05  Probe  
  65  16:08  Probe  
  61  16:18  Probe  
  60  16:20  Probe  
  61  16:30  Probe  
  61  16:32  Probe  
  57  16:42  Probe  
  57  16:44  Probe  
  57  16:45  Stalker x3  
  58  16:54  Probe  
  52  17:05  Stalker x2  
  52  17:06  Stalker x3  
  62  17:19  Probe x2  
  58  17:31  Probe  
  58  17:32  Probe  
  60  17:40  Stalker x2  
  60  17:41  Stalker x3  
  60  17:42  Stalker x2  
  60  17:43  Probe, Stalker  
  60  17:44  Probe  
  78  17:56  Probe x2  
  80  18:06  Assimilator  
  80  18:08  Probe x2  
  80  18:11  Nexus  
  82  18:13  Pylon  
  82  18:16  Pylon  
  82  18:20  Probe x2  
  84  18:32  Probe  
  85  18:35  Stalker x2  
  85  18:36  Stalker x4  
  85  18:38  Probe  
  98  18:44  Probe  
  99  18:48  Probe x2  
  99  18:50  Probe  
  99  18:54  Stalker  
  104  18:55  Stalker  
  104  18:56  Probe  
  104  19:00  Probe  
  104  19:01  Probe  
  104  19:02  Probe  
Show
View Real Time Build Order
Export as new Build Order

John Terran 

Build Orders: 2 Factory, Reaper Expand 

Get SALT Encoding   

  12  0:00  SCV  
  13  0:12  SCV  
  14  0:20  Supply Depot  
  14  0:29  SCV  
  15  0:42  Barracks  
  15  0:44  SCV  
  16  0:56  SCV, Refinery  
  17  1:14  SCV  
  17  1:15  Supply Depot  
  18  1:26  SCV  
  19  1:42  Reaper  
  20  1:47  Command Center  
  21  1:55  Supply Depot  
  21  1:59  Refinery  
  20  2:09  Orbital Command  
  20  2:24  Factory  
  20  2:29  Supply Depot  
  20  2:34  Marine  
  21  2:41  SCV  
  22  2:56  SCV  
  22  2:57  Marine  
  24  3:02  Factory  
  23  3:08  SCV  
  24  3:22  Orbital Command  
  24  3:25  SCV  
  24  3:26  Factory Tech Lab  
  25  3:32  Supply Depot  
  25  3:37  SCV  
  25  3:39  Marine  
  27  3:46  Barracks  
  27  3:49  SCV  
  27  3:50  Widow Mine  
  27  3:52  SCV  
  31  3:57  Marine  
  32  4:07  Barracks  
  32  4:09  SCV x2  
  34  4:15  Marine  
  35  4:19  Starport  
  35  4:21  SCV  
  35  4:22  SCV  
  35  4:23  Refinery  
  37  4:33  SCV  
  37  4:34  SCV  
  37  4:36  Engineering Bay  
  39  4:42  Factory Tech Lab  
  39  4:44  Siege Tank  
  42  4:45  SCV  
  42  4:46  SCV  
  44  4:58  SCV x2  
  46  5:02  Supply Depot  
  46  5:06  Barracks Reactor, Supply Depot  
  46  5:09  Siege Tank  
  46  5:13  SCV  
  46  5:14  SCV  
  51  5:16  Marine x2  
  51  5:17  Supply Depot  
  53  5:23  Medivac  
  53  5:26  SCV  
  56  5:31  SCV  
  56  5:33  Marine  
  56  5:34  Marine  
  59  5:38  SCV  
  59  5:40  Refinery  
  60  5:43  SCV  
  60  5:44  Command Center  
  61  5:50  SCV  
  61  5:51  Marine  
  61  5:55  SCV  
  64  6:02  SCV  
  65  6:07  SCV, Sensor Tower  
  66  6:13  Marine x4  
  66  6:14  SCV  
  71  6:19  SCV  
  71  6:20  Starport  
  71  6:24  Supply Depot  
  72  6:26  SCV  
  72  6:30  Marine  
  72  6:31  SCV, Marine x2  
  72  6:32  Missile Turret  
  77  6:35  Missile Turret  
  77  6:37  Missile Turret  
  77  6:38  SCV  
  78  6:43  SCV  
  79  6:50  SCV  
  80  6:54  Marine x2  
  80  6:55  Marine x2  
  80  6:56  SCV, Missile Turret, Siege Tank  
  80  6:59  Liberator  
  91  7:02  SCV  
  91  7:08  SCV  
  94  7:12  Marine x2  
  96  7:15  SCV  
  96  7:20  SCV  
  97  7:24  Marine, Siege Tank  
  97  7:25  Marine  
  97  7:26  Liberator  
  97  7:27  SCV  
  106  7:30  Marine x2  
  108  7:42  Marine  
  108  7:43  Missile Turret, Marine  
  110  7:52  Starport Reactor, Sensor Tower  
  110  7:53  Marine  
  110  7:57  Planetary Fortress  
  111  8:05  Missile Turret  
  111  8:12  Missile Turret  
  111  8:22  Marine x4  
  111  8:26  Missile Turret  
  115  8:32  Missile Turret  
  115  8:40  Marine x2  
  117  8:48  Supply Depot  
  117  8:49  Supply Depot  
  117  8:51  Marine x2, Siege Tank x2  
  117  8:53  Missile Turret  
  125  8:57  Marine  
  125  8:58  Marine  
  125  9:00  Supply Depot  
  120  9:09  Marine  
  106  9:21  Marine x3  
  106  9:23  Siege Tank x2  
  114  9:24  Liberator x3  
  114  9:26  Marine  
  114  9:28  SCV x2  
  126  9:32  Command Center  
  126  9:36  Supply Depot  
  126  9:39  Marine x3  
  126  9:44  Marine  
  130  9:55  Siege Tank  
  130  9:56  Marine  
  130  9:57  Marine x2  
  136  10:10  Armory  
  136  10:11  Terran Infantry Weapons Level 1  
  136  10:13  Armory  
  136  10:16  Armory  
  136  10:18  Barracks Tech Lab  
  136  10:24  Starport Reactor, Barracks  
  136  10:41  SCV x3  
  134  10:50  Marine  
  134  10:51  Marine x3  
  134  10:53  SCV x2, Liberator x2  
  131  11:05  Liberator  
  131  11:08  Marine x2  
  131  11:09  Marine x2  
  131  11:13  Factory  
  131  11:18  Refinery x2  
  123  11:22  SCV x2  
  123  11:23  SCV  
  123  11:26  Marine x3  
  123  11:27  Marine  
  113  11:46  SCV x2  
  100  11:58  SCV x2  
  99  12:10  SCV x2  
  101  12:22  SCV x2, Marine x5  
  100  12:24  Factory Tech Lab  
  100  12:28  Terran Vehicle Weapons Level 1, Terran Vehicle And Ship Armor Level 1  
  100  12:29  Terran Ship Weapons Level 1  
  99  12:34  SCV x2  
  101  12:39  Command Center, Marine  
  101  12:40  Marine x3  
  105  12:48  Marine  
  106  12:51  Siege Tank  
  106  12:52  Siege Tank  
  106  12:57  Marine x2  
  106  12:58  Marine x2  
  113  13:03  Command Center  
  113  13:06  Marine  
  113  13:10  Fusion Core  
  114  13:15  Marine x2  
  114  13:16  Terran Infantry Armor Level 1  
  114  13:17  Stimpack  
  114  13:18  Factory x2  
  114  13:19  Barracks Reactor, Factory  
  116  13:21  Barracks Reactor  
  116  13:23  Siege Tank  
  116  13:25  Factory  
  119  13:28  Liberator x2  
  119  13:30  SCV  
  119  13:31  SCV  
  127  13:37  Orbital Command  
  127  13:43  Supply Depot  
  127  13:46  Supply Depot  
  124  14:16  Planetary Fortress  
  123  14:18  SCV x2  
  123  14:19  SCV  
  123  14:23  Orbital Command  
  126  14:30  SCV x2  
  110  14:47  Marine x5  
  110  14:51  SCV x4  
  110  14:52  SCV  
  109  15:03  SCV x4  
  109  15:04  SCV  
  111  15:12  Factory Tech Lab x3  
  111  15:13  Factory Tech Lab  
  111  15:15  SCV  
  111  15:17  Marine x3  
  111  15:20  SCV x3  
  117  15:29  Siege Tank x2  
  117  15:30  Siege Tank  
  117  15:33  Terran Vehicle Weapons Level 2, Terran Vehicle And Ship Armor Level 2  
  117  15:35  Terran Ship Weapons Level 2  
  126  15:37  Siege Tank  
  126  15:38  Siege Tank x2  
  126  15:41  SCV x4  
  126  15:42  SCV  
  133  15:50  Supply Depot x2  
  133  15:53  SCV x3, Supply Depot  
  129  15:59  Refinery  
  129  16:00  SCV x2, Refinery  
  129  16:01  Marine x2, Siege Tank x2  
  129  16:02  Marine x3  
  139  16:05  SCV x2, Siege Tank  
  141  16:14  Marine x2  
  143  16:19  Marine x3  
  143  16:20  Marine  
  144  16:28  Marine  
  144  16:29  Liberator x4  
  144  16:32  Marine x2  
  157  16:51  Marine x2  
  157  16:52  Marine x5  
  151  17:09  Marine  
  122  17:37  Marine x4  
  122  17:38  Marine x3  
  123  17:51  SCV x2  
  123  17:55  Marine x6  
  123  17:56  Marine  
  132  18:02  SCV x3  
  132  18:03  Starport  
  132  18:04  Starport  
  132  18:05  Starport  
  135  18:06  Starport  
  135  18:13  Marine x3  
  134  18:28  SCV x2  
  134  18:29  SCV x2  
  123  18:57  Command Center  
  123  19:02  SCV x4  
Show
View Real Time Build Order
Export as new Build Order

Water Zerg 

Build Orders: Hatch First 

Get SALT Encoding   

  12  0:01  Drone  
  13  0:11  Drone  
  14  0:18  Overlord  
  14  0:39  Drone x2  
  14  0:40  Drone  
  17  0:57  Drone  
  18  1:04  Hatchery  
  18  1:09  Spawning Pool  
  16  1:21  Drone  
  16  1:25  Drone x2  
  19  1:28  Extractor  
  18  1:33  Drone  
  19  1:44  Overlord  
  19  1:57  Queen  
  21  2:02  Overlord  
  21  2:05  Drone  
  22  2:17  Drone x2  
  24  2:29  Metabolic Boost  
  24  2:31  Drone x2  
  26  2:39  Queen  
  29  2:44  Drone x2  
  29  2:48  Drone  
  29  2:50  Drone  
  32  3:01  Drone  
  32  3:02  Drone, Extractor  
  33  3:24  Queen  
  35  3:32  Lair  
  35  4:49  Spore Crawler  
  33  4:53  Spore Crawler  
  32  5:07  Drone x3  
  32  5:08  Drone x8  
  32  5:09  Drone  
  32  5:13  Overlord  
  32  5:14  Overlord x4  
  44  5:41  Extractor  
  43  5:42  Extractor  
  43  5:44  Zergling x10  
  43  5:45  Zergling x2  
  47  6:22  Spire  
  47  6:25  Drone x4  
  49  6:26  Drone x2  
  49  6:32  Queen  
  52  6:39  Hatchery  
  53  6:57  Drone x5  
  53  6:58  Overlord x2, Drone x3  
  61  7:33  Mutalisk  
  61  7:34  Mutalisk x5  
  73  7:48  Mutalisk x6  
  85  8:06  Zerg Flyer Weapons Level 1  
  85  8:07  Overlord  
  85  8:08  Overlord x5  
  85  8:13  Overseer x4  
  85  8:19  Queen  
  87  8:42  Drone x4  
  87  8:43  Drone x4  
  87  8:44  Mutalisk x4  
  87  8:45  Mutalisk x3  
  109  9:08  Overlord x5  
  109  9:09  Overlord x3  
  109  9:12  Extractor  
  109  9:14  Extractor  
  107  9:30  Mutalisk x3  
  107  9:31  Mutalisk x2  
  117  9:51  Mutalisk x3  
  123  10:07  Zerg Flyer Weapons Level 2  
  123  10:43  Hatchery  
  122  10:58  Mutalisk x4  
  122  10:59  Mutalisk x4  
  126  11:26  Mutalisk x4  
  134  11:33  Mutalisk  
  136  12:13  Mutalisk x6  
  136  12:14  Mutalisk  
  130  13:15  Mutalisk x4  
  130  13:16  Mutalisk x5  
  146  13:33  Mutalisk x3  
  148  13:45  Mutalisk  
  148  13:46  Mutalisk x2  
  154  14:01  Queen  
  156  14:03  Drone x6  
  160  14:42  Mutalisk  
  160  14:43  Mutalisk x7  
  160  14:44  Mutalisk  
  178  14:59  Mutalisk x3  
  156  15:17  Mutalisk x2  
  156  15:18  Mutalisk  
  146  15:32  Mutalisk x2  
  113  15:55  Mutalisk x3  
  103  16:06  Drone x6  
  103  16:07  Drone  
  87  16:29  Corruptor x3  
  87  16:30  Corruptor  
  85  16:35  Zergling x8  
  80  17:22  Mutalisk x2  
  70  17:23  Mutalisk x2  
  71  17:51  Extractor  
  68  17:52  Extractor  
  68  17:57  Mutalisk x4  
  69  18:16  Mutalisk  
  50  19:00  Extractor  
Tags
 
Add a new tag
Caveats
  • Supply blocks, unpowered buildings, or Contaminate may cause inaccurate times.
  • Supply counts are checked every 10 seconds.